%YAML 1.1
%TAG !u! tag:unity3d.com,2011:
--- !u!1 &8589967068535763463
GameObject:
  m_ObjectHideFlags: 0
  m_CorrespondingSourceObject: {fileID: 0}
  m_PrefabInstance: {fileID: 0}
  m_PrefabAsset: {fileID: 0}
  serializedVersion: 6
  m_Component:
  - component: {fileID: 8589967068535763456}
  m_Layer: 0
  m_Name: Lights
  m_TagString: Untagged
  m_Icon: {fileID: 0}
  m_NavMeshLayer: 0
  m_StaticEditorFlags: 64
  m_IsActive: 1
--- !u!4 &8589967068535763456
Transform:
  m_ObjectHideFlags: 0
  m_CorrespondingSourceObject: {fileID: 0}
  m_PrefabInstance: {fileID: 0}
  m_PrefabAsset: {fileID: 0}
  m_GameObject: {fileID: 8589967068535763463}
  m_LocalRotation: {x: 0, y: 0, z: 0, w: 1}
  m_LocalPosition: {x: 0, y: 0, z: 0}
  m_LocalScale: {x: 1, y: 1, z: 1}
  m_ConstrainProportionsScale: 0
  m_Children:
  - {fileID: 2449728941019307917}
  - {fileID: 7164925975390970410}
  - {fileID: 7164925975936655209}
  - {fileID: 4990331458691758356}
  - {fileID: 7496852409773101963}
  - {fileID: 773060976231693737}
  - {fileID: 5592892093085939044}
  - {fileID: 8589967068854060019}
  m_Father: {fileID: 0}
  m_RootOrder: 0
  m_LocalEulerAnglesHint: {x: 0, y: 0, z: 0}
--- !u!1 &8589967068854060018
GameObject:
  m_ObjectHideFlags: 0
  m_CorrespondingSourceObject: {fileID: 0}
  m_PrefabInstance: {fileID: 0}
  m_PrefabAsset: {fileID: 0}
  serializedVersion: 6
  m_Component:
  - component: {fileID: 8589967068854060019}
  m_Layer: 0
  m_Name: Light_Room_02
  m_TagString: Untagged
  m_Icon: {fileID: 0}
  m_NavMeshLayer: 0
  m_StaticEditorFlags: 64
  m_IsActive: 1
--- !u!4 &8589967068854060019
Transform:
  m_ObjectHideFlags: 0
  m_CorrespondingSourceObject: {fileID: 0}
  m_PrefabInstance: {fileID: 0}
  m_PrefabAsset: {fileID: 0}
  m_GameObject: {fileID: 8589967068854060018}
  m_LocalRotation: {x: 0, y: 0, z: 0, w: 1}
  m_LocalPosition: {x: 0, y: 0, z: 0}
  m_LocalScale: {x: 1, y: 1, z: 1}
  m_ConstrainProportionsScale: 0
  m_Children:
  - {fileID: 7097761106859996207}
  - {fileID: 1186964236743405393}
  - {fileID: 1186964237759896917}
  m_Father: {fileID: 8589967068535763456}
  m_RootOrder: 7
  m_LocalEulerAnglesHint: {x: 0, y: 0, z: 0}
--- !u!1001 &418008180413681764
PrefabInstance:
  m_ObjectHideFlags: 0
  serializedVersion: 2
  m_Modification:
    m_TransformParent: {fileID: 8589967068854060019}
    m_Modifications:
    - target: {fileID: 1796937771128432341, guid: c5738eb9a37a06c4fbf1ddcf127a969b,
        type: 3}
      propertyPath: m_Name
      value: Light_Fixture_Set_Light_Blue
      objectReference: {fileID: 0}
    - target: {fileID: 2165717680814631553, guid: c5738eb9a37a06c4fbf1ddcf127a969b,
        type: 3}
      propertyPath: m_Shadows.m_Type
      value: 1
      objectReference: {fileID: 0}
    - target: {fileID: 7443676294022882379, guid: c5738eb9a37a06c4fbf1ddcf127a969b,
        type: 3}
      propertyPath: m_RootOrder
      value: 0
      objectReference: {fileID: 0}
    - target: {fileID: 7443676294022882379, guid: c5738eb9a37a06c4fbf1ddcf127a969b,
        type: 3}
      propertyPath: m_LocalPosition.x
      value: -0.2
      objectReference: {fileID: 0}
    - target: {fileID: 7443676294022882379, guid: c5738eb9a37a06c4fbf1ddcf127a969b,
        type: 3}
      propertyPath: m_LocalPosition.y
      value: 3.9
      objectReference: {fileID: 0}
    - target: {fileID: 7443676294022882379, guid: c5738eb9a37a06c4fbf1ddcf127a969b,
        type: 3}
      propertyPath: m_LocalPosition.z
      value: -3.41
      objectReference: {fileID: 0}
    - target: {fileID: 7443676294022882379, guid: c5738eb9a37a06c4fbf1ddcf127a969b,
        type: 3}
      propertyPath: m_LocalRotation.w
      value: 1
      objectReference: {fileID: 0}
    - target: {fileID: 7443676294022882379, guid: c5738eb9a37a06c4fbf1ddcf127a969b,
        type: 3}
      propertyPath: m_LocalRotation.x
      value: -0
      objectReference: {fileID: 0}
    - target: {fileID: 7443676294022882379, guid: c5738eb9a37a06c4fbf1ddcf127a969b,
        type: 3}
      propertyPath: m_LocalRotation.y
      value: -0
      objectReference: {fileID: 0}
    - target: {fileID: 7443676294022882379, guid: c5738eb9a37a06c4fbf1ddcf127a969b,
        type: 3}
      propertyPath: m_LocalRotation.z
      value: -0
      objectReference: {fileID: 0}
    - target: {fileID: 7443676294022882379, guid: c5738eb9a37a06c4fbf1ddcf127a969b,
        type: 3}
      propertyPath: m_LocalEulerAnglesHint.x
      value: 0
      objectReference: {fileID: 0}
    - target: {fileID: 7443676294022882379, guid: c5738eb9a37a06c4fbf1ddcf127a969b,
        type: 3}
      propertyPath: m_LocalEulerAnglesHint.y
      value: 0
      objectReference: {fileID: 0}
    - target: {fileID: 7443676294022882379, guid: c5738eb9a37a06c4fbf1ddcf127a969b,
        type: 3}
      propertyPath: m_LocalEulerAnglesHint.z
      value: 0
      objectReference: {fileID: 0}
    - target: {fileID: 8679239283021350676, guid: c5738eb9a37a06c4fbf1ddcf127a969b,
        type: 3}
      propertyPath: m_Enabled
      value: 1
      objectReference: {fileID: 0}
    - target: {fileID: 8679239283021350676, guid: c5738eb9a37a06c4fbf1ddcf127a969b,
        type: 3}
      propertyPath: m_Materials.Array.data[0]
      value: 
      objectReference: {fileID: 0}
    m_RemovedComponents: []
  m_SourcePrefab: {fileID: 100100000, guid: c5738eb9a37a06c4fbf1ddcf127a969b, type: 3}
--- !u!1 &6940283787145404862 stripped
GameObject:
  m_CorrespondingSourceObject: {fileID: 7322227840139112922, guid: c5738eb9a37a06c4fbf1ddcf127a969b,
    type: 3}
  m_PrefabInstance: {fileID: 418008180413681764}
  m_PrefabAsset: {fileID: 0}
--- !u!114 &4125095654464991115
MonoBehaviour:
  m_ObjectHideFlags: 0
  m_CorrespondingSourceObject: {fileID: 0}
  m_PrefabInstance: {fileID: 0}
  m_PrefabAsset: {fileID: 0}
  m_GameObject: {fileID: 6940283787145404862}
  m_Enabled: 1
  m_EditorHideFlags: 0
  m_Script: {fileID: 11500000, guid: 474bcb49853aa07438625e644c072ee6, type: 3}
  m_Name: 
  m_EditorClassIdentifier: 
  m_Version: 1
  m_UsePipelineSettings: 1
  m_AdditionalLightsShadowResolutionTier: 2
  m_LightLayerMask: 1
  m_CustomShadowLayers: 0
  m_ShadowLayerMask: 1
  m_LightCookieSize: {x: 1, y: 1}
  m_LightCookieOffset: {x: 0, y: 0}
--- !u!4 &7097761106859996207 stripped
Transform:
  m_CorrespondingSourceObject: {fileID: 7443676294022882379, guid: c5738eb9a37a06c4fbf1ddcf127a969b,
    type: 3}
  m_PrefabInstance: {fileID: 418008180413681764}
  m_PrefabAsset: {fileID: 0}
--- !u!1001 &1550906087555706521
PrefabInstance:
  m_ObjectHideFlags: 0
  serializedVersion: 2
  m_Modification:
    m_TransformParent: {fileID: 8589967068535763456}
    m_Modifications:
    - target: {fileID: 158336348864675724, guid: 5c4b3047396a8ba47bc9656832424cd9,
        type: 3}
      propertyPath: m_Name
      value: Light_Fixture_Set_Light_White
      objectReference: {fileID: 0}
    - target: {fileID: 158336348864675724, guid: 5c4b3047396a8ba47bc9656832424cd9,
        type: 3}
      propertyPath: m_IsActive
      value: 1
      objectReference: {fileID: 0}
    - target: {fileID: 345840053571220440, guid: 5c4b3047396a8ba47bc9656832424cd9,
        type: 3}
      propertyPath: m_Intensity
      value: 39.4
      objectReference: {fileID: 0}
    - target: {fileID: 345840053571220440, guid: 5c4b3047396a8ba47bc9656832424cd9,
        type: 3}
      propertyPath: m_InnerSpotAngle
      value: 16.85935
      objectReference: {fileID: 0}
    - target: {fileID: 7111286441733348941, guid: 5c4b3047396a8ba47bc9656832424cd9,
        type: 3}
      propertyPath: m_Enabled
      value: 1
      objectReference: {fileID: 0}
    - target: {fileID: 7111286441733348941, guid: 5c4b3047396a8ba47bc9656832424cd9,
        type: 3}
      propertyPath: m_Materials.Array.data[0]
      value: 
      objectReference: {fileID: 0}
    - target: {fileID: 9047669346153872658, guid: 5c4b3047396a8ba47bc9656832424cd9,
        type: 3}
      propertyPath: m_RootOrder
      value: 4
      objectReference: {fileID: 0}
    - target: {fileID: 9047669346153872658, guid: 5c4b3047396a8ba47bc9656832424cd9,
        type: 3}
      propertyPath: m_LocalPosition.x
      value: -0.09
      objectReference: {fileID: 0}
    - target: {fileID: 9047669346153872658, guid: 5c4b3047396a8ba47bc9656832424cd9,
        type: 3}
      propertyPath: m_LocalPosition.y
      value: 3.9
      objectReference: {fileID: 0}
    - target: {fileID: 9047669346153872658, guid: 5c4b3047396a8ba47bc9656832424cd9,
        type: 3}
      propertyPath: m_LocalPosition.z
      value: 3.0309997
      objectReference: {fileID: 0}
    - target: {fileID: 9047669346153872658, guid: 5c4b3047396a8ba47bc9656832424cd9,
        type: 3}
      propertyPath: m_LocalRotation.w
      value: 1
      objectReference: {fileID: 0}
    - target: {fileID: 9047669346153872658, guid: 5c4b3047396a8ba47bc9656832424cd9,
        type: 3}
      propertyPath: m_LocalRotation.x
      value: -0
      objectReference: {fileID: 0}
    - target: {fileID: 9047669346153872658, guid: 5c4b3047396a8ba47bc9656832424cd9,
        type: 3}
      propertyPath: m_LocalRotation.y
      value: -0
      objectReference: {fileID: 0}
    - target: {fileID: 9047669346153872658, guid: 5c4b3047396a8ba47bc9656832424cd9,
        type: 3}
      propertyPath: m_LocalRotation.z
      value: -0
      objectReference: {fileID: 0}
    - target: {fileID: 9047669346153872658, guid: 5c4b3047396a8ba47bc9656832424cd9,
        type: 3}
      propertyPath: m_LocalEulerAnglesHint.x
      value: 0
      objectReference: {fileID: 0}
    - target: {fileID: 9047669346153872658, guid: 5c4b3047396a8ba47bc9656832424cd9,
        type: 3}
      propertyPath: m_LocalEulerAnglesHint.y
      value: 0
      objectReference: {fileID: 0}
    - target: {fileID: 9047669346153872658, guid: 5c4b3047396a8ba47bc9656832424cd9,
        type: 3}
      propertyPath: m_LocalEulerAnglesHint.z
      value: 0
      objectReference: {fileID: 0}
    - target: {fileID: 9178125068054325379, guid: 5c4b3047396a8ba47bc9656832424cd9,
        type: 3}
      propertyPath: m_IsActive
      value: 1
      objectReference: {fileID: 0}
    m_RemovedComponents: []
  m_SourcePrefab: {fileID: 100100000, guid: 5c4b3047396a8ba47bc9656832424cd9, type: 3}
--- !u!4 &7496852409773101963 stripped
Transform:
  m_CorrespondingSourceObject: {fileID: 9047669346153872658, guid: 5c4b3047396a8ba47bc9656832424cd9,
    type: 3}
  m_PrefabInstance: {fileID: 1550906087555706521}
  m_PrefabAsset: {fileID: 0}
--- !u!1 &7699656461055673882 stripped
GameObject:
  m_CorrespondingSourceObject: {fileID: 9178125068054325379, guid: 5c4b3047396a8ba47bc9656832424cd9,
    type: 3}
  m_PrefabInstance: {fileID: 1550906087555706521}
  m_PrefabAsset: {fileID: 0}
--- !u!114 &2978345728588181078
MonoBehaviour:
  m_ObjectHideFlags: 0
  m_CorrespondingSourceObject: {fileID: 0}
  m_PrefabInstance: {fileID: 0}
  m_PrefabAsset: {fileID: 0}
  m_GameObject: {fileID: 7699656461055673882}
  m_Enabled: 1
  m_EditorHideFlags: 0
  m_Script: {fileID: 11500000, guid: 474bcb49853aa07438625e644c072ee6, type: 3}
  m_Name: 
  m_EditorClassIdentifier: 
  m_Version: 1
  m_UsePipelineSettings: 1
  m_AdditionalLightsShadowResolutionTier: 2
  m_LightLayerMask: 1
  m_CustomShadowLayers: 0
  m_ShadowLayerMask: 1
  m_LightCookieSize: {x: 1, y: 1}
  m_LightCookieOffset: {x: 0, y: 0}
--- !u!1001 &3463891452886206582
PrefabInstance:
  m_ObjectHideFlags: 0
  serializedVersion: 2
  m_Modification:
    m_TransformParent: {fileID: 8589967068535763456}
    m_Modifications:
    - target: {fileID: 158336348864675724, guid: 5c4b3047396a8ba47bc9656832424cd9,
        type: 3}
      propertyPath: m_Name
      value: Light_Fixture_Set_Light_White (2)
      objectReference: {fileID: 0}
    - target: {fileID: 345840053571220440, guid: 5c4b3047396a8ba47bc9656832424cd9,
        type: 3}
      propertyPath: m_Shadows.m_Bias
      value: 1.8
      objectReference: {fileID: 0}
    - target: {fileID: 345840053571220440, guid: 5c4b3047396a8ba47bc9656832424cd9,
        type: 3}
      propertyPath: m_Shadows.m_Strength
      value: 0.89
      objectReference: {fileID: 0}
    - target: {fileID: 345840053571220440, guid: 5c4b3047396a8ba47bc9656832424cd9,
        type: 3}
      propertyPath: m_Shadows.m_NearPlane
      value: 0.1
      objectReference: {fileID: 0}
    - target: {fileID: 345840053571220440, guid: 5c4b3047396a8ba47bc9656832424cd9,
        type: 3}
      propertyPath: m_Shadows.m_NormalBias
      value: 1
      objectReference: {fileID: 0}
    - target: {fileID: 7111286441733348941, guid: 5c4b3047396a8ba47bc9656832424cd9,
        type: 3}
      propertyPath: m_Materials.Array.data[0]
      value: 
      objectReference: {fileID: 0}
    - target: {fileID: 9047669346153872658, guid: 5c4b3047396a8ba47bc9656832424cd9,
        type: 3}
      propertyPath: m_RootOrder
      value: 6
      objectReference: {fileID: 0}
    - target: {fileID: 9047669346153872658, guid: 5c4b3047396a8ba47bc9656832424cd9,
        type: 3}
      propertyPath: m_LocalPosition.x
      value: 2.8
      objectReference: {fileID: 0}
    - target: {fileID: 9047669346153872658, guid: 5c4b3047396a8ba47bc9656832424cd9,
        type: 3}
      propertyPath: m_LocalPosition.y
      value: 3.9
      objectReference: {fileID: 0}
    - target: {fileID: 9047669346153872658, guid: 5c4b3047396a8ba47bc9656832424cd9,
        type: 3}
      propertyPath: m_LocalPosition.z
      value: 0.94
      objectReference: {fileID: 0}
    - target: {fileID: 9047669346153872658, guid: 5c4b3047396a8ba47bc9656832424cd9,
        type: 3}
      propertyPath: m_LocalRotation.w
      value: 1
      objectReference: {fileID: 0}
    - target: {fileID: 9047669346153872658, guid: 5c4b3047396a8ba47bc9656832424cd9,
        type: 3}
      propertyPath: m_LocalRotation.x
      value: -0
      objectReference: {fileID: 0}
    - target: {fileID: 9047669346153872658, guid: 5c4b3047396a8ba47bc9656832424cd9,
        type: 3}
      propertyPath: m_LocalRotation.y
      value: -0
      objectReference: {fileID: 0}
    - target: {fileID: 9047669346153872658, guid: 5c4b3047396a8ba47bc9656832424cd9,
        type: 3}
      propertyPath: m_LocalRotation.z
      value: -0
      objectReference: {fileID: 0}
    - target: {fileID: 9047669346153872658, guid: 5c4b3047396a8ba47bc9656832424cd9,
        type: 3}
      propertyPath: m_LocalEulerAnglesHint.x
      value: 0
      objectReference: {fileID: 0}
    - target: {fileID: 9047669346153872658, guid: 5c4b3047396a8ba47bc9656832424cd9,
        type: 3}
      propertyPath: m_LocalEulerAnglesHint.y
      value: 0
      objectReference: {fileID: 0}
    - target: {fileID: 9047669346153872658, guid: 5c4b3047396a8ba47bc9656832424cd9,
        type: 3}
      propertyPath: m_LocalEulerAnglesHint.z
      value: 0
      objectReference: {fileID: 0}
    m_RemovedComponents: []
  m_SourcePrefab: {fileID: 100100000, guid: 5c4b3047396a8ba47bc9656832424cd9, type: 3}
--- !u!4 &5592892093085939044 stripped
Transform:
  m_CorrespondingSourceObject: {fileID: 9047669346153872658, guid: 5c4b3047396a8ba47bc9656832424cd9,
    type: 3}
  m_PrefabInstance: {fileID: 3463891452886206582}
  m_PrefabAsset: {fileID: 0}
--- !u!1 &5714354291015622901 stripped
GameObject:
  m_CorrespondingSourceObject: {fileID: 9178125068054325379, guid: 5c4b3047396a8ba47bc9656832424cd9,
    type: 3}
  m_PrefabInstance: {fileID: 3463891452886206582}
  m_PrefabAsset: {fileID: 0}
--- !u!114 &3463891452886206577
MonoBehaviour:
  m_ObjectHideFlags: 0
  m_CorrespondingSourceObject: {fileID: 0}
  m_PrefabInstance: {fileID: 0}
  m_PrefabAsset: {fileID: 0}
  m_GameObject: {fileID: 5714354291015622901}
  m_Enabled: 1
  m_EditorHideFlags: 0
  m_Script: {fileID: 11500000, guid: 474bcb49853aa07438625e644c072ee6, type: 3}
  m_Name: 
  m_EditorClassIdentifier: 
  m_Version: 1
  m_UsePipelineSettings: 0
  m_AdditionalLightsShadowResolutionTier: 2
  m_LightLayerMask: 1
  m_CustomShadowLayers: 0
  m_ShadowLayerMask: 1
  m_LightCookieSize: {x: 1, y: 1}
  m_LightCookieOffset: {x: 0, y: 0}
--- !u!1001 &3865338354452736116
PrefabInstance:
  m_ObjectHideFlags: 0
  serializedVersion: 2
  m_Modification:
    m_TransformParent: {fileID: 8589967068535763456}
    m_Modifications:
    - target: {fileID: 1466871378063538168, guid: 06df99dd7790d2a4aa6891d185926af8,
        type: 3}
      propertyPath: m_Name
      value: Light_Fixture_White
      objectReference: {fileID: 0}
    - target: {fileID: 1466871378063538168, guid: 06df99dd7790d2a4aa6891d185926af8,
        type: 3}
      propertyPath: m_IsActive
      value: 1
      objectReference: {fileID: 0}
    - target: {fileID: 1466871378063538168, guid: 06df99dd7790d2a4aa6891d185926af8,
        type: 3}
      propertyPath: m_StaticEditorFlags
      value: 64
      objectReference: {fileID: 0}
    - target: {fileID: 1466871378063538169, guid: 06df99dd7790d2a4aa6891d185926af8,
        type: 3}
      propertyPath: m_RootOrder
      value: 0
      objectReference: {fileID: 0}
    - target: {fileID: 1466871378063538169, guid: 06df99dd7790d2a4aa6891d185926af8,
        type: 3}
      propertyPath: m_LocalPosition.x
      value: 3.4
      objectReference: {fileID: 0}
    - target: {fileID: 1466871378063538169, guid: 06df99dd7790d2a4aa6891d185926af8,
        type: 3}
      propertyPath: m_LocalPosition.y
      value: 3.9
      objectReference: {fileID: 0}
    - target: {fileID: 1466871378063538169, guid: 06df99dd7790d2a4aa6891d185926af8,
        type: 3}
      propertyPath: m_LocalPosition.z
      value: 9.7
      objectReference: {fileID: 0}
    - target: {fileID: 1466871378063538169, guid: 06df99dd7790d2a4aa6891d185926af8,
        type: 3}
      propertyPath: m_LocalRotation.w
      value: 1
      objectReference: {fileID: 0}
    - target: {fileID: 1466871378063538169, guid: 06df99dd7790d2a4aa6891d185926af8,
        type: 3}
      propertyPath: m_LocalRotation.x
      value: -0
      objectReference: {fileID: 0}
    - target: {fileID: 1466871378063538169, guid: 06df99dd7790d2a4aa6891d185926af8,
        type: 3}
      propertyPath: m_LocalRotation.y
      value: -0
      objectReference: {fileID: 0}
    - target: {fileID: 1466871378063538169, guid: 06df99dd7790d2a4aa6891d185926af8,
        type: 3}
      propertyPath: m_LocalRotation.z
      value: -0
      objectReference: {fileID: 0}
    - target: {fileID: 1466871378063538169, guid: 06df99dd7790d2a4aa6891d185926af8,
        type: 3}
      propertyPath: m_LocalEulerAnglesHint.x
      value: 0
      objectReference: {fileID: 0}
    - target: {fileID: 1466871378063538169, guid: 06df99dd7790d2a4aa6891d185926af8,
        type: 3}
      propertyPath: m_LocalEulerAnglesHint.y
      value: 0
      objectReference: {fileID: 0}
    - target: {fileID: 1466871378063538169, guid: 06df99dd7790d2a4aa6891d185926af8,
        type: 3}
      propertyPath: m_LocalEulerAnglesHint.z
      value: 0
      objectReference: {fileID: 0}
    - target: {fileID: 1679715340204715168, guid: 06df99dd7790d2a4aa6891d185926af8,
        type: 3}
      propertyPath: m_StaticEditorFlags
      value: 64
      objectReference: {fileID: 0}
    - target: {fileID: 7524036272996435617, guid: 06df99dd7790d2a4aa6891d185926af8,
        type: 3}
      propertyPath: m_Intensity
      value: 42.340763
      objectReference: {fileID: 0}
    - target: {fileID: 7524036272996435617, guid: 06df99dd7790d2a4aa6891d185926af8,
        type: 3}
      propertyPath: m_BoundingSphereOverride.w
      value: 1e-45
      objectReference: {fileID: 0}
    - target: {fileID: 7524036272996435617, guid: 06df99dd7790d2a4aa6891d185926af8,
        type: 3}
      propertyPath: m_BoundingSphereOverride.x
      value: 0
      objectReference: {fileID: 0}
    - target: {fileID: 7524036272996435617, guid: 06df99dd7790d2a4aa6891d185926af8,
        type: 3}
      propertyPath: m_BoundingSphereOverride.y
      value: 0
      objectReference: {fileID: 0}
    - target: {fileID: 7524036272996435617, guid: 06df99dd7790d2a4aa6891d185926af8,
        type: 3}
      propertyPath: m_BoundingSphereOverride.z
      value: 0
      objectReference: {fileID: 0}
    m_RemovedComponents: []
  m_SourcePrefab: {fileID: 100100000, guid: 06df99dd7790d2a4aa6891d185926af8, type: 3}
--- !u!4 &2449728941019307917 stripped
Transform:
  m_CorrespondingSourceObject: {fileID: 1466871378063538169, guid: 06df99dd7790d2a4aa6891d185926af8,
    type: 3}
  m_PrefabInstance: {fileID: 3865338354452736116}
  m_PrefabAsset: {fileID: 0}
--- !u!1 &2516382936642880724 stripped
GameObject:
  m_CorrespondingSourceObject: {fileID: 1679715340204715168, guid: 06df99dd7790d2a4aa6891d185926af8,
    type: 3}
  m_PrefabInstance: {fileID: 3865338354452736116}
  m_PrefabAsset: {fileID: 0}
--- !u!114 &3748397674137707482
MonoBehaviour:
  m_ObjectHideFlags: 0
  m_CorrespondingSourceObject: {fileID: 0}
  m_PrefabInstance: {fileID: 0}
  m_PrefabAsset: {fileID: 0}
  m_GameObject: {fileID: 2516382936642880724}
  m_Enabled: 1
  m_EditorHideFlags: 0
  m_Script: {fileID: 11500000, guid: 474bcb49853aa07438625e644c072ee6, type: 3}
  m_Name: 
  m_EditorClassIdentifier: 
  m_Version: 1
  m_UsePipelineSettings: 1
  m_AdditionalLightsShadowResolutionTier: 2
  m_LightLayerMask: 1
  m_CustomShadowLayers: 0
  m_ShadowLayerMask: 1
  m_LightCookieSize: {x: 1, y: 1}
  m_LightCookieOffset: {x: 0, y: 0}
--- !u!1001 &8589967068555630035
PrefabInstance:
  m_ObjectHideFlags: 0
  serializedVersion: 2
  m_Modification:
    m_TransformParent: {fileID: 8589967068535763456}
    m_Modifications:
    - target: {fileID: 978850031818674879, guid: 06df99dd7790d2a4aa6891d185926af8,
        type: 3}
      propertyPath: m_Version
      value: 11
      objectReference: {fileID: 0}
    - target: {fileID: 1466871378063538168, guid: 06df99dd7790d2a4aa6891d185926af8,
        type: 3}
      propertyPath: m_Name
      value: Light_Fixture_White (3)
      objectReference: {fileID: 0}
    - target: {fileID: 1466871378063538168, guid: 06df99dd7790d2a4aa6891d185926af8,
        type: 3}
      propertyPath: m_IsActive
      value: 1
      objectReference: {fileID: 0}
    - target: {fileID: 1466871378063538168, guid: 06df99dd7790d2a4aa6891d185926af8,
        type: 3}
      propertyPath: m_StaticEditorFlags
      value: 64
      objectReference: {fileID: 0}
    - target: {fileID: 1466871378063538169, guid: 06df99dd7790d2a4aa6891d185926af8,
        type: 3}
      propertyPath: m_RootOrder
      value: 1
      objectReference: {fileID: 0}
    - target: {fileID: 1466871378063538169, guid: 06df99dd7790d2a4aa6891d185926af8,
        type: 3}
      propertyPath: m_LocalPosition.x
      value: 3.4
      objectReference: {fileID: 0}
    - target: {fileID: 1466871378063538169, guid: 06df99dd7790d2a4aa6891d185926af8,
        type: 3}
      propertyPath: m_LocalPosition.y
      value: 3.9
      objectReference: {fileID: 0}
    - target: {fileID: 1466871378063538169, guid: 06df99dd7790d2a4aa6891d185926af8,
        type: 3}
      propertyPath: m_LocalPosition.z
      value: 12.94
      objectReference: {fileID: 0}
    - target: {fileID: 1466871378063538169, guid: 06df99dd7790d2a4aa6891d185926af8,
        type: 3}
      propertyPath: m_LocalRotation.w
      value: 1
      objectReference: {fileID: 0}
    - target: {fileID: 1466871378063538169, guid: 06df99dd7790d2a4aa6891d185926af8,
        type: 3}
      propertyPath: m_LocalRotation.x
      value: -0
      objectReference: {fileID: 0}
    - target: {fileID: 1466871378063538169, guid: 06df99dd7790d2a4aa6891d185926af8,
        type: 3}
      propertyPath: m_LocalRotation.y
      value: -0
      objectReference: {fileID: 0}
    - target: {fileID: 1466871378063538169, guid: 06df99dd7790d2a4aa6891d185926af8,
        type: 3}
      propertyPath: m_LocalRotation.z
      value: -0
      objectReference: {fileID: 0}
    - target: {fileID: 1466871378063538169, guid: 06df99dd7790d2a4aa6891d185926af8,
        type: 3}
      propertyPath: m_LocalEulerAnglesHint.x
      value: 0
      objectReference: {fileID: 0}
    - target: {fileID: 1466871378063538169, guid: 06df99dd7790d2a4aa6891d185926af8,
        type: 3}
      propertyPath: m_LocalEulerAnglesHint.y
      value: 0
      objectReference: {fileID: 0}
    - target: {fileID: 1466871378063538169, guid: 06df99dd7790d2a4aa6891d185926af8,
        type: 3}
      propertyPath: m_LocalEulerAnglesHint.z
      value: 0
      objectReference: {fileID: 0}
    - target: {fileID: 1679715340204715168, guid: 06df99dd7790d2a4aa6891d185926af8,
        type: 3}
      propertyPath: m_StaticEditorFlags
      value: 64
      objectReference: {fileID: 0}
    - target: {fileID: 7524036272996435617, guid: 06df99dd7790d2a4aa6891d185926af8,
        type: 3}
      propertyPath: m_Intensity
      value: 40.867004
      objectReference: {fileID: 0}
    - target: {fileID: 7524036272996435617, guid: 06df99dd7790d2a4aa6891d185926af8,
        type: 3}
      propertyPath: m_BoundingSphereOverride.w
      value: 0
      objectReference: {fileID: 0}
    - target: {fileID: 7524036272996435617, guid: 06df99dd7790d2a4aa6891d185926af8,
        type: 3}
      propertyPath: m_BoundingSphereOverride.x
      value: 2.91e-43
      objectReference: {fileID: 0}
    - target: {fileID: 7524036272996435617, guid: 06df99dd7790d2a4aa6891d185926af8,
        type: 3}
      propertyPath: m_BoundingSphereOverride.y
      value: 38.8
      objectReference: {fileID: 0}
    - target: {fileID: 7524036272996435617, guid: 06df99dd7790d2a4aa6891d185926af8,
        type: 3}
      propertyPath: m_BoundingSphereOverride.z
      value: 11.6
      objectReference: {fileID: 0}
    m_RemovedComponents: []
  m_SourcePrefab: {fileID: 100100000, guid: 06df99dd7790d2a4aa6891d185926af8, type: 3}
--- !u!1 &6951936845368457587 stripped
GameObject:
  m_CorrespondingSourceObject: {fileID: 1679715340204715168, guid: 06df99dd7790d2a4aa6891d185926af8,
    type: 3}
  m_PrefabInstance: {fileID: 8589967068555630035}
  m_PrefabAsset: {fileID: 0}
--- !u!114 &6765418115862942233
MonoBehaviour:
  m_ObjectHideFlags: 0
  m_CorrespondingSourceObject: {fileID: 0}
  m_PrefabInstance: {fileID: 0}
  m_PrefabAsset: {fileID: 0}
  m_GameObject: {fileID: 6951936845368457587}
  m_Enabled: 1
  m_EditorHideFlags: 0
  m_Script: {fileID: 11500000, guid: 474bcb49853aa07438625e644c072ee6, type: 3}
  m_Name: 
  m_EditorClassIdentifier: 
  m_Version: 1
  m_UsePipelineSettings: 1
  m_AdditionalLightsShadowResolutionTier: 2
  m_LightLayerMask: 1
  m_CustomShadowLayers: 0
  m_ShadowLayerMask: 1
  m_LightCookieSize: {x: 1, y: 1}
  m_LightCookieOffset: {x: 0, y: 0}
--- !u!4 &7164925975390970410 stripped
Transform:
  m_CorrespondingSourceObject: {fileID: 1466871378063538169, guid: 06df99dd7790d2a4aa6891d185926af8,
    type: 3}
  m_PrefabInstance: {fileID: 8589967068555630035}
  m_PrefabAsset: {fileID: 0}
--- !u!1001 &8589967068597848858
PrefabInstance:
  m_ObjectHideFlags: 0
  serializedVersion: 2
  m_Modification:
    m_TransformParent: {fileID: 8589967068854060019}
    m_Modifications:
    - target: {fileID: 1012412839106813932, guid: c5738eb9a37a06c4fbf1ddcf127a969b,
        type: 3}
      propertyPath: m_Version
      value: 11
      objectReference: {fileID: 0}
    - target: {fileID: 1437156691284602724, guid: c5738eb9a37a06c4fbf1ddcf127a969b,
        type: 3}
      propertyPath: m_StaticEditorFlags
      value: 64
      objectReference: {fileID: 0}
    - target: {fileID: 1796937771128432341, guid: c5738eb9a37a06c4fbf1ddcf127a969b,
        type: 3}
      propertyPath: m_Name
      value: Light_Fixture_Set_Light_Blue
      objectReference: {fileID: 0}
    - target: {fileID: 1796937771128432341, guid: c5738eb9a37a06c4fbf1ddcf127a969b,
        type: 3}
      propertyPath: m_IsActive
      value: 1
      objectReference: {fileID: 0}
    - target: {fileID: 1796937771128432341, guid: c5738eb9a37a06c4fbf1ddcf127a969b,
        type: 3}
      propertyPath: m_StaticEditorFlags
      value: 64
      objectReference: {fileID: 0}
    - target: {fileID: 2165717680814631553, guid: c5738eb9a37a06c4fbf1ddcf127a969b,
        type: 3}
      propertyPath: m_Intensity
      value: 200
      objectReference: {fileID: 0}
    - target: {fileID: 2481499714527140328, guid: c5738eb9a37a06c4fbf1ddcf127a969b,
        type: 3}
      propertyPath: m_StaticEditorFlags
      value: 64
      objectReference: {fileID: 0}
    - target: {fileID: 3136248120817337490, guid: c5738eb9a37a06c4fbf1ddcf127a969b,
        type: 3}
      propertyPath: m_StaticEditorFlags
      value: 64
      objectReference: {fileID: 0}
    - target: {fileID: 4317147779140167781, guid: c5738eb9a37a06c4fbf1ddcf127a969b,
        type: 3}
      propertyPath: m_StaticEditorFlags
      value: 64
      objectReference: {fileID: 0}
    - target: {fileID: 7322227840139112922, guid: c5738eb9a37a06c4fbf1ddcf127a969b,
        type: 3}
      propertyPath: m_StaticEditorFlags
      value: 64
      objectReference: {fileID: 0}
    - target: {fileID: 7443676294022882379, guid: c5738eb9a37a06c4fbf1ddcf127a969b,
        type: 3}
      propertyPath: m_RootOrder
      value: 1
      objectReference: {fileID: 0}
    - target: {fileID: 7443676294022882379, guid: c5738eb9a37a06c4fbf1ddcf127a969b,
        type: 3}
      propertyPath: m_LocalPosition.x
      value: 2.93
      objectReference: {fileID: 0}
    - target: {fileID: 7443676294022882379, guid: c5738eb9a37a06c4fbf1ddcf127a969b,
        type: 3}
      propertyPath: m_LocalPosition.y
      value: 3.9
      objectReference: {fileID: 0}
    - target: {fileID: 7443676294022882379, guid: c5738eb9a37a06c4fbf1ddcf127a969b,
        type: 3}
      propertyPath: m_LocalPosition.z
      value: -3.41
      objectReference: {fileID: 0}
    - target: {fileID: 7443676294022882379, guid: c5738eb9a37a06c4fbf1ddcf127a969b,
        type: 3}
      propertyPath: m_LocalRotation.w
      value: 1
      objectReference: {fileID: 0}
    - target: {fileID: 7443676294022882379, guid: c5738eb9a37a06c4fbf1ddcf127a969b,
        type: 3}
      propertyPath: m_LocalRotation.x
      value: -0
      objectReference: {fileID: 0}
    - target: {fileID: 7443676294022882379, guid: c5738eb9a37a06c4fbf1ddcf127a969b,
        type: 3}
      propertyPath: m_LocalRotation.y
      value: -0
      objectReference: {fileID: 0}
    - target: {fileID: 7443676294022882379, guid: c5738eb9a37a06c4fbf1ddcf127a969b,
        type: 3}
      propertyPath: m_LocalRotation.z
      value: -0
      objectReference: {fileID: 0}
    - target: {fileID: 7443676294022882379, guid: c5738eb9a37a06c4fbf1ddcf127a969b,
        type: 3}
      propertyPath: m_LocalEulerAnglesHint.x
      value: 0
      objectReference: {fileID: 0}
    - target: {fileID: 7443676294022882379, guid: c5738eb9a37a06c4fbf1ddcf127a969b,
        type: 3}
      propertyPath: m_LocalEulerAnglesHint.y
      value: 0
      objectReference: {fileID: 0}
    - target: {fileID: 7443676294022882379, guid: c5738eb9a37a06c4fbf1ddcf127a969b,
        type: 3}
      propertyPath: m_LocalEulerAnglesHint.z
      value: 0
      objectReference: {fileID: 0}
    - target: {fileID: 8076499455353854974, guid: c5738eb9a37a06c4fbf1ddcf127a969b,
        type: 3}
      propertyPath: m_StaticEditorFlags
      value: 64
      objectReference: {fileID: 0}
    - target: {fileID: 8679239283021350676, guid: c5738eb9a37a06c4fbf1ddcf127a969b,
        type: 3}
      propertyPath: m_Enabled
      value: 1
      objectReference: {fileID: 0}
    - target: {fileID: 8679239283021350676, guid: c5738eb9a37a06c4fbf1ddcf127a969b,
        type: 3}
      propertyPath: m_Materials.Array.size
      value: 1
      objectReference: {fileID: 0}
    - target: {fileID: 8679239283021350676, guid: c5738eb9a37a06c4fbf1ddcf127a969b,
        type: 3}
      propertyPath: m_Materials.Array.data[0]
      value: 
      objectReference: {fileID: 0}
    - target: {fileID: 8679239283021350676, guid: c5738eb9a37a06c4fbf1ddcf127a969b,
        type: 3}
      propertyPath: m_Materials.Array.data[1]
      value: 
      objectReference: {fileID: 0}
    - target: {fileID: 8679239283021350677, guid: c5738eb9a37a06c4fbf1ddcf127a969b,
        type: 3}
      propertyPath: m_PropertySheet.m_Float.m_Array.Array.data[5].m_Value
      value: 0.1
      objectReference: {fileID: 0}
    - target: {fileID: 8679239283021350677, guid: c5738eb9a37a06c4fbf1ddcf127a969b,
        type: 3}
      propertyPath: m_PropertySheet.m_Float.m_Array.Array.data[6].m_Value
      value: 0.2
      objectReference: {fileID: 0}
    - target: {fileID: 8679239283021350683, guid: c5738eb9a37a06c4fbf1ddcf127a969b,
        type: 3}
      propertyPath: m_StaticEditorFlags
      value: 64
      objectReference: {fileID: 0}
    m_RemovedComponents: []
  m_SourcePrefab: {fileID: 100100000, guid: c5738eb9a37a06c4fbf1ddcf127a969b, type: 3}
--- !u!4 &1186964236743405393 stripped
Transform:
  m_CorrespondingSourceObject: {fileID: 7443676294022882379, guid: c5738eb9a37a06c4fbf1ddcf127a969b,
    type: 3}
  m_PrefabInstance: {fileID: 8589967068597848858}
  m_PrefabAsset: {fileID: 0}
--- !u!1 &1344455216633985728 stripped
GameObject:
  m_CorrespondingSourceObject: {fileID: 7322227840139112922, guid: c5738eb9a37a06c4fbf1ddcf127a969b,
    type: 3}
  m_PrefabInstance: {fileID: 8589967068597848858}
  m_PrefabAsset: {fileID: 0}
--- !u!114 &868504119011153318
MonoBehaviour:
  m_ObjectHideFlags: 0
  m_CorrespondingSourceObject: {fileID: 0}
  m_PrefabInstance: {fileID: 0}
  m_PrefabAsset: {fileID: 0}
  m_GameObject: {fileID: 1344455216633985728}
  m_Enabled: 1
  m_EditorHideFlags: 0
  m_Script: {fileID: 11500000, guid: 474bcb49853aa07438625e644c072ee6, type: 3}
  m_Name: 
  m_EditorClassIdentifier: 
  m_Version: 1
  m_UsePipelineSettings: 1
  m_AdditionalLightsShadowResolutionTier: 2
  m_LightLayerMask: 1
  m_CustomShadowLayers: 0
  m_ShadowLayerMask: 1
  m_LightCookieSize: {x: 1, y: 1}
  m_LightCookieOffset: {x: 0, y: 0}
--- !u!1001 &8589967068631029197
PrefabInstance:
  m_ObjectHideFlags: 0
  serializedVersion: 2
  m_Modification:
    m_TransformParent: {fileID: 8589967068535763456}
    m_Modifications:
    - target: {fileID: 3557942665172367232, guid: 1ebb6b287b61cab40a638d27672af713,
        type: 3}
      propertyPath: m_StaticEditorFlags
      value: 0
      objectReference: {fileID: 0}
    - target: {fileID: 3635682034066205912, guid: 1ebb6b287b61cab40a638d27672af713,
        type: 3}
      propertyPath: m_Name
      value: Light_Fixture_Light_Red Variant
      objectReference: {fileID: 0}
    - target: {fileID: 3635682034066205912, guid: 1ebb6b287b61cab40a638d27672af713,
        type: 3}
      propertyPath: m_IsActive
      value: 1
      objectReference: {fileID: 0}
    - target: {fileID: 3635682034066205912, guid: 1ebb6b287b61cab40a638d27672af713,
        type: 3}
      propertyPath: m_StaticEditorFlags
      value: 64
      objectReference: {fileID: 0}
    - target: {fileID: 3635682034066205913, guid: 1ebb6b287b61cab40a638d27672af713,
        type: 3}
      propertyPath: m_RootOrder
      value: 3
      objectReference: {fileID: 0}
    - target: {fileID: 3635682034066205913, guid: 1ebb6b287b61cab40a638d27672af713,
        type: 3}
      propertyPath: m_LocalPosition.x
      value: 6.18
      objectReference: {fileID: 0}
    - target: {fileID: 3635682034066205913, guid: 1ebb6b287b61cab40a638d27672af713,
        type: 3}
      propertyPath: m_LocalPosition.y
      value: 3.9
      objectReference: {fileID: 0}
    - target: {fileID: 3635682034066205913, guid: 1ebb6b287b61cab40a638d27672af713,
        type: 3}
      propertyPath: m_LocalPosition.z
      value: 9.88
      objectReference: {fileID: 0}
    - target: {fileID: 3635682034066205913, guid: 1ebb6b287b61cab40a638d27672af713,
        type: 3}
      propertyPath: m_LocalRotation.w
      value: 1
      objectReference: {fileID: 0}
    - target: {fileID: 3635682034066205913, guid: 1ebb6b287b61cab40a638d27672af713,
        type: 3}
      propertyPath: m_LocalRotation.x
      value: -0
      objectReference: {fileID: 0}
    - target: {fileID: 3635682034066205913, guid: 1ebb6b287b61cab40a638d27672af713,
        type: 3}
      propertyPath: m_LocalRotation.y
      value: -0
      objectReference: {fileID: 0}
    - target: {fileID: 3635682034066205913, guid: 1ebb6b287b61cab40a638d27672af713,
        type: 3}
      propertyPath: m_LocalRotation.z
      value: -0
      objectReference: {fileID: 0}
    - target: {fileID: 3635682034066205913, guid: 1ebb6b287b61cab40a638d27672af713,
        type: 3}
      propertyPath: m_LocalEulerAnglesHint.x
      value: 0
      objectReference: {fileID: 0}
    - target: {fileID: 3635682034066205913, guid: 1ebb6b287b61cab40a638d27672af713,
        type: 3}
      propertyPath: m_LocalEulerAnglesHint.y
      value: 0
      objectReference: {fileID: 0}
    - target: {fileID: 3635682034066205913, guid: 1ebb6b287b61cab40a638d27672af713,
        type: 3}
      propertyPath: m_LocalEulerAnglesHint.z
      value: 0
      objectReference: {fileID: 0}
    - target: {fileID: 5640029640043552129, guid: 1ebb6b287b61cab40a638d27672af713,
        type: 3}
      propertyPath: m_Intensity
      value: 46.419964
      objectReference: {fileID: 0}
    - target: {fileID: 5640029640043552129, guid: 1ebb6b287b61cab40a638d27672af713,
        type: 3}
      propertyPath: m_SpotAngle
      value: 55.974205
      objectReference: {fileID: 0}
    - target: {fileID: 5640029640043552129, guid: 1ebb6b287b61cab40a638d27672af713,
        type: 3}
      propertyPath: m_InnerSpotAngle
      value: 12.140818
      objectReference: {fileID: 0}
    - target: {fileID: 5640029640043552129, guid: 1ebb6b287b61cab40a638d27672af713,
        type: 3}
      propertyPath: m_BoundingSphereOverride.w
      value: 1
      objectReference: {fileID: 0}
    - target: {fileID: 5640029640043552129, guid: 1ebb6b287b61cab40a638d27672af713,
        type: 3}
      propertyPath: m_BoundingSphereOverride.x
      value: 0
      objectReference: {fileID: 0}
    - target: {fileID: 5640029640043552129, guid: 1ebb6b287b61cab40a638d27672af713,
        type: 3}
      propertyPath: m_BoundingSphereOverride.y
      value: NaN
      objectReference: {fileID: 0}
    - target: {fileID: 5640029640043552129, guid: 1ebb6b287b61cab40a638d27672af713,
        type: 3}
      propertyPath: m_BoundingSphereOverride.z
      value: 1
      objectReference: {fileID: 0}
    m_RemovedComponents: []
  m_SourcePrefab: {fileID: 100100000, guid: 1ebb6b287b61cab40a638d27672af713, type: 3}
--- !u!4 &4990331458691758356 stripped
Transform:
  m_CorrespondingSourceObject: {fileID: 3635682034066205913, guid: 1ebb6b287b61cab40a638d27672af713,
    type: 3}
  m_PrefabInstance: {fileID: 8589967068631029197}
  m_PrefabAsset: {fileID: 0}
--- !u!1 &5068215930908074573 stripped
GameObject:
  m_CorrespondingSourceObject: {fileID: 3557942665172367232, guid: 1ebb6b287b61cab40a638d27672af713,
    type: 3}
  m_PrefabInstance: {fileID: 8589967068631029197}
  m_PrefabAsset: {fileID: 0}
--- !u!114 &8614834076229668096
MonoBehaviour:
  m_ObjectHideFlags: 0
  m_CorrespondingSourceObject: {fileID: 0}
  m_PrefabInstance: {fileID: 0}
  m_PrefabAsset: {fileID: 0}
  m_GameObject: {fileID: 5068215930908074573}
  m_Enabled: 1
  m_EditorHideFlags: 0
  m_Script: {fileID: 11500000, guid: 474bcb49853aa07438625e644c072ee6, type: 3}
  m_Name: 
  m_EditorClassIdentifier: 
  m_Version: 1
  m_UsePipelineSettings: 1
  m_AdditionalLightsShadowResolutionTier: 2
  m_LightLayerMask: 1
  m_CustomShadowLayers: 0
  m_ShadowLayerMask: 1
  m_LightCookieSize: {x: 1, y: 1}
  m_LightCookieOffset: {x: 0, y: 0}
--- !u!1001 &8589967069083494544
PrefabInstance:
  m_ObjectHideFlags: 0
  serializedVersion: 2
  m_Modification:
    m_TransformParent: {fileID: 8589967068535763456}
    m_Modifications:
    - target: {fileID: 1466871378063538168, guid: 06df99dd7790d2a4aa6891d185926af8,
        type: 3}
      propertyPath: m_Name
      value: Light_Fixture_White (4)
      objectReference: {fileID: 0}
    - target: {fileID: 1466871378063538169, guid: 06df99dd7790d2a4aa6891d185926af8,
        type: 3}
      propertyPath: m_RootOrder
      value: 2
      objectReference: {fileID: 0}
    - target: {fileID: 1466871378063538169, guid: 06df99dd7790d2a4aa6891d185926af8,
        type: 3}
      propertyPath: m_LocalPosition.x
      value: 3.4
      objectReference: {fileID: 0}
    - target: {fileID: 1466871378063538169, guid: 06df99dd7790d2a4aa6891d185926af8,
        type: 3}
      propertyPath: m_LocalPosition.y
      value: 3.9
      objectReference: {fileID: 0}
    - target: {fileID: 1466871378063538169, guid: 06df99dd7790d2a4aa6891d185926af8,
        type: 3}
      propertyPath: m_LocalPosition.z
      value: 6.59
      objectReference: {fileID: 0}
    - target: {fileID: 1466871378063538169, guid: 06df99dd7790d2a4aa6891d185926af8,
        type: 3}
      propertyPath: m_LocalRotation.w
      value: 1
      objectReference: {fileID: 0}
    - target: {fileID: 1466871378063538169, guid: 06df99dd7790d2a4aa6891d185926af8,
        type: 3}
      propertyPath: m_LocalRotation.x
      value: -0
      objectReference: {fileID: 0}
    - target: {fileID: 1466871378063538169, guid: 06df99dd7790d2a4aa6891d185926af8,
        type: 3}
      propertyPath: m_LocalRotation.y
      value: -0
      objectReference: {fileID: 0}
    - target: {fileID: 1466871378063538169, guid: 06df99dd7790d2a4aa6891d185926af8,
        type: 3}
      propertyPath: m_LocalRotation.z
      value: -0
      objectReference: {fileID: 0}
    - target: {fileID: 1466871378063538169, guid: 06df99dd7790d2a4aa6891d185926af8,
        type: 3}
      propertyPath: m_LocalEulerAnglesHint.x
      value: 0
      objectReference: {fileID: 0}
    - target: {fileID: 1466871378063538169, guid: 06df99dd7790d2a4aa6891d185926af8,
        type: 3}
      propertyPath: m_LocalEulerAnglesHint.y
      value: 0
      objectReference: {fileID: 0}
    - target: {fileID: 1466871378063538169, guid: 06df99dd7790d2a4aa6891d185926af8,
        type: 3}
      propertyPath: m_LocalEulerAnglesHint.z
      value: 0
      objectReference: {fileID: 0}
    - target: {fileID: 7524036272996435617, guid: 06df99dd7790d2a4aa6891d185926af8,
        type: 3}
      propertyPath: m_Intensity
      value: 43.54839
      objectReference: {fileID: 0}
    m_RemovedComponents: []
  m_SourcePrefab: {fileID: 100100000, guid: 06df99dd7790d2a4aa6891d185926af8, type: 3}
--- !u!1 &6951936845914260528 stripped
GameObject:
  m_CorrespondingSourceObject: {fileID: 1679715340204715168, guid: 06df99dd7790d2a4aa6891d185926af8,
    type: 3}
  m_PrefabInstance: {fileID: 8589967069083494544}
  m_PrefabAsset: {fileID: 0}
--- !u!114 &1317720195238966313
MonoBehaviour:
  m_ObjectHideFlags: 0
  m_CorrespondingSourceObject: {fileID: 0}
  m_PrefabInstance: {fileID: 0}
  m_PrefabAsset: {fileID: 0}
  m_GameObject: {fileID: 6951936845914260528}
  m_Enabled: 1
  m_EditorHideFlags: 0
  m_Script: {fileID: 11500000, guid: 474bcb49853aa07438625e644c072ee6, type: 3}
  m_Name: 
  m_EditorClassIdentifier: 
  m_Version: 1
  m_UsePipelineSettings: 1
  m_AdditionalLightsShadowResolutionTier: 2
  m_LightLayerMask: 1
  m_CustomShadowLayers: 0
  m_ShadowLayerMask: 1
  m_LightCookieSize: {x: 1, y: 1}
  m_LightCookieOffset: {x: 0, y: 0}
--- !u!4 &7164925975936655209 stripped
Transform:
  m_CorrespondingSourceObject: {fileID: 1466871378063538169, guid: 06df99dd7790d2a4aa6891d185926af8,
    type: 3}
  m_PrefabInstance: {fileID: 8589967069083494544}
  m_PrefabAsset: {fileID: 0}
--- !u!1001 &8589967069480517819
PrefabInstance:
  m_ObjectHideFlags: 0
  serializedVersion: 2
  m_Modification:
    m_TransformParent: {fileID: 8589967068535763456}
    m_Modifications:
    - target: {fileID: 158336348864675724, guid: 5c4b3047396a8ba47bc9656832424cd9,
        type: 3}
      propertyPath: m_Name
      value: Light_Fixture_Set_Light_White (1)
      objectReference: {fileID: 0}
    - target: {fileID: 158336348864675724, guid: 5c4b3047396a8ba47bc9656832424cd9,
        type: 3}
      propertyPath: m_IsActive
      value: 1
      objectReference: {fileID: 0}
    - target: {fileID: 158336348864675724, guid: 5c4b3047396a8ba47bc9656832424cd9,
        type: 3}
      propertyPath: m_StaticEditorFlags
      value: 64
      objectReference: {fileID: 0}
    - target: {fileID: 345840053571220440, guid: 5c4b3047396a8ba47bc9656832424cd9,
        type: 3}
      propertyPath: m_Intensity
      value: 187.85593
      objectReference: {fileID: 0}
    - target: {fileID: 662953931811583549, guid: 5c4b3047396a8ba47bc9656832424cd9,
        type: 3}
      propertyPath: m_StaticEditorFlags
      value: 64
      objectReference: {fileID: 0}
    - target: {fileID: 1499231860877313717, guid: 5c4b3047396a8ba47bc9656832424cd9,
        type: 3}
      propertyPath: m_Version
      value: 11
      objectReference: {fileID: 0}
    - target: {fileID: 2390022151811887420, guid: 5c4b3047396a8ba47bc9656832424cd9,
        type: 3}
      propertyPath: m_StaticEditorFlags
      value: 64
      objectReference: {fileID: 0}
    - target: {fileID: 2831123143044048872, guid: 5c4b3047396a8ba47bc9656832424cd9,
        type: 3}
      propertyPath: m_Enabled
      value: 1
      objectReference: {fileID: 0}
    - target: {fileID: 2831123143044048872, guid: 5c4b3047396a8ba47bc9656832424cd9,
        type: 3}
      propertyPath: smoothing
      value: 5
      objectReference: {fileID: 0}
    - target: {fileID: 2831123143044048872, guid: 5c4b3047396a8ba47bc9656832424cd9,
        type: 3}
      propertyPath: maxIntensity
      value: 200
      objectReference: {fileID: 0}
    - target: {fileID: 2831123143044048872, guid: 5c4b3047396a8ba47bc9656832424cd9,
        type: 3}
      propertyPath: minIntensity
      value: 170
      objectReference: {fileID: 0}
    - target: {fileID: 3550163064970419659, guid: 5c4b3047396a8ba47bc9656832424cd9,
        type: 3}
      propertyPath: m_StaticEditorFlags
      value: 64
      objectReference: {fileID: 0}
    - target: {fileID: 4085479149917192369, guid: 5c4b3047396a8ba47bc9656832424cd9,
        type: 3}
      propertyPath: m_StaticEditorFlags
      value: 64
      objectReference: {fileID: 0}
    - target: {fileID: 7111286441733348930, guid: 5c4b3047396a8ba47bc9656832424cd9,
        type: 3}
      propertyPath: m_StaticEditorFlags
      value: 64
      objectReference: {fileID: 0}
    - target: {fileID: 7111286441733348940, guid: 5c4b3047396a8ba47bc9656832424cd9,
        type: 3}
      propertyPath: m_PropertySheet.m_Float.m_Array.Array.data[5].m_Value
      value: 0.05
      objectReference: {fileID: 0}
    - target: {fileID: 7111286441733348940, guid: 5c4b3047396a8ba47bc9656832424cd9,
        type: 3}
      propertyPath: m_PropertySheet.m_Float.m_Array.Array.data[6].m_Value
      value: 0.1
      objectReference: {fileID: 0}
    - target: {fileID: 7111286441733348940, guid: 5c4b3047396a8ba47bc9656832424cd9,
        type: 3}
      propertyPath: m_PropertySheet.m_Vector4f.m_Array.Array.data[0].m_Value.x
      value: 0.585395
      objectReference: {fileID: 0}
    - target: {fileID: 7111286441733348940, guid: 5c4b3047396a8ba47bc9656832424cd9,
        type: 3}
      propertyPath: m_PropertySheet.m_Vector4f.m_Array.Array.data[0].m_Value.y
      value: 0.6226415
      objectReference: {fileID: 0}
    - target: {fileID: 7111286441733348940, guid: 5c4b3047396a8ba47bc9656832424cd9,
        type: 3}
      propertyPath: m_PropertySheet.m_Vector4f.m_Array.Array.data[0].m_Value.z
      value: 0.50868636
      objectReference: {fileID: 0}
    - target: {fileID: 7111286441733348941, guid: 5c4b3047396a8ba47bc9656832424cd9,
        type: 3}
      propertyPath: m_Enabled
      value: 1
      objectReference: {fileID: 0}
    - target: {fileID: 7111286441733348941, guid: 5c4b3047396a8ba47bc9656832424cd9,
        type: 3}
      propertyPath: m_Materials.Array.size
      value: 1
      objectReference: {fileID: 0}
    - target: {fileID: 7111286441733348941, guid: 5c4b3047396a8ba47bc9656832424cd9,
        type: 3}
      propertyPath: m_Materials.Array.data[0]
      value: 
      objectReference: {fileID: 0}
    - target: {fileID: 7111286441733348941, guid: 5c4b3047396a8ba47bc9656832424cd9,
        type: 3}
      propertyPath: m_Materials.Array.data[1]
      value: 
      objectReference: {fileID: 0}
    - target: {fileID: 7698896989400548007, guid: 5c4b3047396a8ba47bc9656832424cd9,
        type: 3}
      propertyPath: m_StaticEditorFlags
      value: 64
      objectReference: {fileID: 0}
    - target: {fileID: 9047669346153872658, guid: 5c4b3047396a8ba47bc9656832424cd9,
        type: 3}
      propertyPath: m_RootOrder
      value: 5
      objectReference: {fileID: 0}
    - target: {fileID: 9047669346153872658, guid: 5c4b3047396a8ba47bc9656832424cd9,
        type: 3}
      propertyPath: m_LocalPosition.x
      value: 5.79
      objectReference: {fileID: 0}
    - target: {fileID: 9047669346153872658, guid: 5c4b3047396a8ba47bc9656832424cd9,
        type: 3}
      propertyPath: m_LocalPosition.y
      value: 3.9
      objectReference: {fileID: 0}
    - target: {fileID: 9047669346153872658, guid: 5c4b3047396a8ba47bc9656832424cd9,
        type: 3}
      propertyPath: m_LocalPosition.z
      value: 3.0309997
      objectReference: {fileID: 0}
    - target: {fileID: 9047669346153872658, guid: 5c4b3047396a8ba47bc9656832424cd9,
        type: 3}
      propertyPath: m_LocalRotation.w
      value: 1
      objectReference: {fileID: 0}
    - target: {fileID: 9047669346153872658, guid: 5c4b3047396a8ba47bc9656832424cd9,
        type: 3}
      propertyPath: m_LocalRotation.x
      value: -0
      objectReference: {fileID: 0}
    - target: {fileID: 9047669346153872658, guid: 5c4b3047396a8ba47bc9656832424cd9,
        type: 3}
      propertyPath: m_LocalRotation.y
      value: -0
      objectReference: {fileID: 0}
    - target: {fileID: 9047669346153872658, guid: 5c4b3047396a8ba47bc9656832424cd9,
        type: 3}
      propertyPath: m_LocalRotation.z
      value: -0
      objectReference: {fileID: 0}
    - target: {fileID: 9047669346153872658, guid: 5c4b3047396a8ba47bc9656832424cd9,
        type: 3}
      propertyPath: m_LocalEulerAnglesHint.x
      value: 0
      objectReference: {fileID: 0}
    - target: {fileID: 9047669346153872658, guid: 5c4b3047396a8ba47bc9656832424cd9,
        type: 3}
      propertyPath: m_LocalEulerAnglesHint.y
      value: 0
      objectReference: {fileID: 0}
    - target: {fileID: 9047669346153872658, guid: 5c4b3047396a8ba47bc9656832424cd9,
        type: 3}
      propertyPath: m_LocalEulerAnglesHint.z
      value: 0
      objectReference: {fileID: 0}
    - target: {fileID: 9178125068054325379, guid: 5c4b3047396a8ba47bc9656832424cd9,
        type: 3}
      propertyPath: m_StaticEditorFlags
      value: 64
      objectReference: {fileID: 0}
    m_RemovedComponents: []
  m_SourcePrefab: {fileID: 100100000, guid: 5c4b3047396a8ba47bc9656832424cd9, type: 3}
--- !u!1 &606562730170443832 stripped
GameObject:
  m_CorrespondingSourceObject: {fileID: 9178125068054325379, guid: 5c4b3047396a8ba47bc9656832424cd9,
    type: 3}
  m_PrefabInstance: {fileID: 8589967069480517819}
  m_PrefabAsset: {fileID: 0}
--- !u!114 &363303261539125832
MonoBehaviour:
  m_ObjectHideFlags: 0
  m_CorrespondingSourceObject: {fileID: 0}
  m_PrefabInstance: {fileID: 0}
  m_PrefabAsset: {fileID: 0}
  m_GameObject: {fileID: 606562730170443832}
  m_Enabled: 1
  m_EditorHideFlags: 0
  m_Script: {fileID: 11500000, guid: 474bcb49853aa07438625e644c072ee6, type: 3}
  m_Name: 
  m_EditorClassIdentifier: 
  m_Version: 1
  m_UsePipelineSettings: 1
  m_AdditionalLightsShadowResolutionTier: 2
  m_LightLayerMask: 1
  m_CustomShadowLayers: 0
  m_ShadowLayerMask: 1
  m_LightCookieSize: {x: 1, y: 1}
  m_LightCookieOffset: {x: 0, y: 0}
--- !u!4 &773060976231693737 stripped
Transform:
  m_CorrespondingSourceObject: {fileID: 9047669346153872658, guid: 5c4b3047396a8ba47bc9656832424cd9,
    type: 3}
  m_PrefabInstance: {fileID: 8589967069480517819}
  m_PrefabAsset: {fileID: 0}
--- !u!1001 &8589967069619927326
PrefabInstance:
  m_ObjectHideFlags: 0
  serializedVersion: 2
  m_Modification:
    m_TransformParent: {fileID: 8589967068854060019}
    m_Modifications:
    - target: {fileID: 1796937771128432341, guid: c5738eb9a37a06c4fbf1ddcf127a969b,
        type: 3}
      propertyPath: m_Name
      value: Light_Fixture_Set_Light_Blue
      objectReference: {fileID: 0}
    - target: {fileID: 7443676294022882379, guid: c5738eb9a37a06c4fbf1ddcf127a969b,
        type: 3}
      propertyPath: m_RootOrder
      value: 2
      objectReference: {fileID: 0}
    - target: {fileID: 7443676294022882379, guid: c5738eb9a37a06c4fbf1ddcf127a969b,
        type: 3}
      propertyPath: m_LocalPosition.x
      value: 6.04
      objectReference: {fileID: 0}
    - target: {fileID: 7443676294022882379, guid: c5738eb9a37a06c4fbf1ddcf127a969b,
        type: 3}
      propertyPath: m_LocalPosition.y
      value: 3.9
      objectReference: {fileID: 0}
    - target: {fileID: 7443676294022882379, guid: c5738eb9a37a06c4fbf1ddcf127a969b,
        type: 3}
      propertyPath: m_LocalPosition.z
      value: -3.41
      objectReference: {fileID: 0}
    - target: {fileID: 7443676294022882379, guid: c5738eb9a37a06c4fbf1ddcf127a969b,
        type: 3}
      propertyPath: m_LocalRotation.w
      value: 1
      objectReference: {fileID: 0}
    - target: {fileID: 7443676294022882379, guid: c5738eb9a37a06c4fbf1ddcf127a969b,
        type: 3}
      propertyPath: m_LocalRotation.x
      value: -0
      objectReference: {fileID: 0}
    - target: {fileID: 7443676294022882379, guid: c5738eb9a37a06c4fbf1ddcf127a969b,
        type: 3}
      propertyPath: m_LocalRotation.y
      value: -0
      objectReference: {fileID: 0}
    - target: {fileID: 7443676294022882379, guid: c5738eb9a37a06c4fbf1ddcf127a969b,
        type: 3}
      propertyPath: m_LocalRotation.z
      value: -0
      objectReference: {fileID: 0}
    - target: {fileID: 7443676294022882379, guid: c5738eb9a37a06c4fbf1ddcf127a969b,
        type: 3}
      propertyPath: m_LocalEulerAnglesHint.x
      value: 0
      objectReference: {fileID: 0}
    - target: {fileID: 7443676294022882379, guid: c5738eb9a37a06c4fbf1ddcf127a969b,
        type: 3}
      propertyPath: m_LocalEulerAnglesHint.y
      value: 0
      objectReference: {fileID: 0}
    - target: {fileID: 7443676294022882379, guid: c5738eb9a37a06c4fbf1ddcf127a969b,
        type: 3}
      propertyPath: m_LocalEulerAnglesHint.z
      value: 0
      objectReference: {fileID: 0}
    - target: {fileID: 8679239283021350676, guid: c5738eb9a37a06c4fbf1ddcf127a969b,
        type: 3}
      propertyPath: m_Enabled
      value: 1
      objectReference: {fileID: 0}
    - target: {fileID: 8679239283021350676, guid: c5738eb9a37a06c4fbf1ddcf127a969b,
        type: 3}
      propertyPath: m_Materials.Array.data[0]
      value: 
      objectReference: {fileID: 0}
    m_RemovedComponents: []
  m_SourcePrefab: {fileID: 100100000, guid: c5738eb9a37a06c4fbf1ddcf127a969b, type: 3}
--- !u!4 &1186964237759896917 stripped
Transform:
  m_CorrespondingSourceObject: {fileID: 7443676294022882379, guid: c5738eb9a37a06c4fbf1ddcf127a969b,
    type: 3}
  m_PrefabInstance: {fileID: 8589967069619927326}
  m_PrefabAsset: {fileID: 0}
--- !u!1 &1344455215612954820 stripped
GameObject:
  m_CorrespondingSourceObject: {fileID: 7322227840139112922, guid: c5738eb9a37a06c4fbf1ddcf127a969b,
    type: 3}
  m_PrefabInstance: {fileID: 8589967069619927326}
  m_PrefabAsset: {fileID: 0}
--- !u!114 &5198990264760791137
MonoBehaviour:
  m_ObjectHideFlags: 0
  m_CorrespondingSourceObject: {fileID: 0}
  m_PrefabInstance: {fileID: 0}
  m_PrefabAsset: {fileID: 0}
  m_GameObject: {fileID: 1344455215612954820}
  m_Enabled: 1
  m_EditorHideFlags: 0
  m_Script: {fileID: 11500000, guid: 474bcb49853aa07438625e644c072ee6, type: 3}
  m_Name: 
  m_EditorClassIdentifier: 
  m_Version: 1
  m_UsePipelineSettings: 1
  m_AdditionalLightsShadowResolutionTier: 2
  m_LightLayerMask: 1
  m_CustomShadowLayers: 0
  m_ShadowLayerMask: 1
  m_LightCookieSize: {x: 1, y: 1}
  m_LightCookieOffset: {x: 0, y: 0}
